 Dungeon Crawl Stone Soup version 0.23.2-40-g277498a001 (webtiles) character file.

Game seed: 6120868689014780891

53 Chiseanne the Gusty (level 3, -1/24 HPs)
             Began as a Barachi Air Elementalist on Sept 29, 2019.
             Was an Initiate of Sif Muna.
             Slain by a worker ant (3 damage)
             ... on level 4 of the Dungeon.
             The game lasted 00:09:20 (1295 turns).

Chiseanne the Gusty (Barachi Air Elementalist)      Turns: 1295, Time: 00:09:20

Health: -1/24      AC:  3    Str:  9    XL:     3   Next: 87%
Magic:  2/7        EV: 12    Int: 16    God:    Sif Muna [......]
Gold:   62         SH:  0    Dex: 12    Spells: 4/8 levels left

rFire    . . .     SeeInvis .   f - +0 spear
rCold    . . .     Gourm    .   (no shield)
rNeg     . . .     Faith    .   a - +0 robe
rPois    .         Spirit   .   d - +1 hat
rElec    .         Reflect  .   (no cloak)
rCorr    .         Harm     .   (no gloves)
MR       .....                  (no boots)
Stlth    ++........             b - amulet of magic regeneration
HPRegen  0.08/turn              (no ring)
MPRegen  0.35/turn              (no ring)

@: can't hop, very slightly contaminated, slow
A: +LOS, swims, slowness 1, strong legs 1
a: Hop, Renounce Religion


You were on level 4 of the Dungeon.
You worshipped Sif Muna.
Sif Muna was noncommittal.
You were near starving.

You visited 2 branches of the dungeon, and saw 5 of its levels.

You collected 62 gold pieces.

Inventory:

Hand Weapons
 f - a +0 spear (weapon)
 g - a +1 hand axe of flaming
 i - a +3 long sword of slicing
Missiles
 e - 14 tomahawks
 h - 56 stones (quivered)
 j - 37 arrows
 k - 17 poisoned needles
 l - 16 sling bullets
Armour
 a - a +0 robe (worn)
 d - a +1 hat (worn)
Jewellery
 b - an amulet of magic regeneration (around neck)
Scrolls
 m - a scroll of immolation
 o - a scroll of remove curse
Comestibles
 c - 2 rations


   Skills:
 - Level 2.1 Dodging
 - Level 1.7 Stealth
 * Level 3.0 Spellcasting
 * Level 2.4 Conjurations
 * Level 4.0 Air Magic


You had 4 spell levels left.
You knew the following spells:

 Your Spells              Type           Power        Failure   Level  Hunger
a - Shock                 Conj/Air       ##..         4%          1    #......
b - Static Discharge      Conj/Air       ##......     16%         3    ###....

Your spell library contained the following spells:

 Spells                   Type           Power        Failure   Level  Hunger
 Swiftness                Chrm/Air       #.......     12%         2    ##.....
 Airstrike                Air            ###.......   34%         4    #####..
 Lightning Bolt           Conj/Air       ##........   80%         5    ######.


Dungeon Overview and Level Annotations

Branches:
Dungeon (4/15)             Temple (1/1) D:4

Altars:
Cheibriados
Dithmenos
Elyvilon
Okawaru
Qazlal
Ru
Sif Muna
Uskayaw
Vehumet
Wu Jian
Xom
Yredelemnul
Zin


Innate Abilities, Weirdness & Mutations

Shadows flee at your approach. (+LOS)
You can swim through water.
You cover ground slowly.
You can hop short distances.


Message History

Confirm with . or Enter, or press ? or * to list all spells.
Aiming: Shock (safe; 4% risk of failure)
Press: ? - help, Shift-Dir - straight line, f/p - worker ant
Aim: a worker ant (lightly wounded)
The zap misses the worker ant.
The worker ant bites you.
* * * LOW HITPOINT WARNING * * *
Casting: Shock (safe; 4% risk of failure)
Confirm with . or Enter, or press ? or * to list all spells.
Aiming: Shock (safe; 4% risk of failure)
Press: ? - help, Shift-Dir - straight line, f/p - worker ant
Aim: a worker ant (lightly wounded)
The zap hits the worker ant.
The worker ant is moderately wounded.
The worker ant bites you.
* * * LOW HITPOINT WARNING * * *
Hop to where?
Press: ? - help, Dir - move target cursor, p - worker ant Boing!
The worker ant closely misses you. The worker ant bites you.
You die...

...#*****#######.########
....,,,,,,,,,,,#.......<#
.###**********,#..#######
.###**********,#..#
...,,,,,,,,,,,,#..#
.#####***#######..#
.....,,,,.........#
..#***###########.# ..#
#......○.a@.# ..#
#.########### ..# #.# ..#
#.# .######.#
........#### ...........#
...........# ...........#


You could see a worker ant.

Vanquished Creatures
  3 adders
  2 dart slugs (D:2)
  3 leopard geckos
  A ball python (D:2)
  A giant cockroach (D:2)
  5 kobolds
  2 quokkas (D:2)
  2 bats (D:2)
  A rat (D:3)
20 creatures vanquished.

Notes
Turn   | Place    | Note
-------+----------+-------------------------------------------
     0 | D:1      | Chiseanne the Barachi Air Elementalist began the quest for
                  | the Orb.
     0 | D:1      | Reached XP level 1. HP: 13/13 MP: 3/3
   141 | D:2      | Reached XP level 2. HP: 19/19 MP: 0/5
   801 | D:3      | Reached XP level 3. HP: 24/24 MP: 4/7
   826 | D:3      | Learned a level 3 spell: Static Discharge
   921 | D:3      | Found a stormy altar of Qazlal.
  1088 | D:4      | Found a staircase to the Ecumenical Temple.
  1109 | Temple   | Entered the Ecumenical Temple
  1143 | Temple   | Became a worshipper of Sif Muna the Loreminder
  1189 | D:4      | Reached skill level 4 in Air Magic
  1295 | D:4      | Slain by a worker ant

Skill      XL: |  1  2  3 |
---------------+----------+-----
Conjurations   | 2 |  2.4
Spellcasting   | 3 |  3.0
Air Magic      | 4 |  4.0
Dodging        | |  2.1
Stealth        | |  1.7

Action                   || total
-------------------------++-------
Melee: Spear             ||    15
 Cast: Shock             ||    55
 Abil: Hop               ||     1
  Use: Scroll            ||     6
       Potion            ||     1
 Stab: Sleeping          ||     1
Armor: Robe              ||     4
Dodge: Dodged            ||    13
